 Dungeon Crawl Stone Soup version 0.25.0-46-gbd7b0854d2 (webtiles) character file.

Game seed: 17604826997944881617

315 BreadTh the Conjurer (level 6, -6/32 HPs)
             Began as a Deep Elf Wizard on July 16, 2020.
             Was an Initiate of Sif Muna.
             Engulfed by a cloud of flame (16 damage)
             ... on level 4 of the Dungeon.
             The game lasted 00:12:53 (4243 turns).

BreadTh the Conjurer (Deep Elf Wizard)              Turns: 4243, Time: 00:12:54

Health: -6/32      AC:  5    Str: 10    XL:     6   Next: 19%
Magic:  0/15       EV: 13    Int: 25    God:    Sif Muna [......]
Gold:   161        SH:  0    Dex: 13    Spells: 6/15 levels left

rFire    . . .     SeeInvis +   p - +0 short sword (freeze)
rCold    + . .     Gourm    .   (no shield)
rNeg     . . .     Faith    .   w - +0 robe {rC+}
rPois    .         Spirit   +   j - +2 helmet
rElec    .         Reflect  .   (no cloak)
rCorr    .         Harm     .   (no gloves)
MR       .....                  (no boots)
Stlth    ++........             c - amulet of guardian spirit
HPRegen  0.10/turn              g - ring of see invisible
MPRegen  0.14/turn              v - +6 ring of strength

@: no status effects
A: no striking features
a: Renounce Religion


You were on level 4 of the Dungeon.
You worshipped Sif Muna.
Sif Muna was noncommittal.
You were not hungry.

You visited 2 branches of the dungeon, and saw 5 of its levels.

You collected 161 gold pieces.

Inventory:

Hand Weapons
 i - a +0 spear
 p - a +0 short sword of freezing (weapon)
Armour
 j - a +2 helmet (worn)
 w - a +0 robe of cold resistance (worn)
Jewellery
 c - an amulet of guardian spirit (around neck)
 e - an uncursed ring of ice
 g - a ring of see invisible (left hand)
 v - a +6 ring of strength (right hand)
Wands
 a - a wand of iceblast (6)
Scrolls
 b - a scroll of remove curse {unknown}
 h - 2 scrolls of teleportation {unknown}
 l - a scroll of enchant weapon {unknown}
 m - 2 scrolls of immolation {unknown}
 n - 2 scrolls of enchant armour {unknown}
 t - a scroll of blinking {unknown}
 u - 2 scrolls of identify {unknown}
Potions
 k - a potion of magic {unknown}
 o - 3 potions of brilliance {unknown}
 q - a potion of curing {unknown}
 r - a potion of might {unknown}
 s - 2 potions of degeneration {unknown}
Comestibles
 d - 2 rations


   Skills:
 - Level 3.0 Dodging
 - Level 3.0 Stealth
 - Level 5.0 Spellcasting
 * Level 6.3 Conjurations
   Level 1.1 Summonings
 - Level 1.1 Translocations


You had 6 spell levels left.
You knew the following spells:

 Your Spells              Type           Power        Failure   Level  Hunger
a - Magic Dart            Conj           ####         1%          1    None
b - Conjure Flame         Conj/Fire      ###.....     7%          3    ##.....
c - Mephitic Cloud        Conj/Pois/Air  ###.....     11%         3    ##.....
d - Blink                 Tloc           N/A          8%          2    None

Your spell library contained the following spells:

 Spells                   Type           Power        Failure   Level  Hunger
 Call Imp                 Summ           ##......     8%          2    None
 Slow                     Hex            #.......     12%         2    None


Dungeon Overview and Level Annotations

Branches:
Dungeon (4/15)             Temple (1/1) D:4

Altars:
Ashenzari
Fedhas
Hepliaklqana
Makhleb
Okawaru
Ru
Sif Muna
Trog
Vehumet
Xom
Lugonu

Portals:
Ossuary: D:4


Message History

Found 2 black potions.
You see here a ration.
You hear the slow hiss of a distant avalanche of sand.
Casting: Magic Dart (safe; 1% risk of failure)
Confirm with . or Enter, or press ? or * to list all spells.
The spell is quite dangerous to cast (7% risk of failure)!
Continue anyway?
The fire begins to smolder!
The howler monkey hoots and howls with incredible vigour!
Casting: Conjure Flame (quite dangerous; 7% risk of failure)
Confirm with . or Enter, or press ? or * to list all spells.
The spell is quite dangerous to cast (7% risk of failure)!
Continue anyway?
The fire ignites!
You are engulfed in blazing flames.
Casting: Conjure Flame (quite dangerous; 7% risk of failure)
Confirm with . or Enter, or press ? or * to list all spells.
The spell is quite dangerous to cast (7% risk of failure)!
Continue anyway?
Uppercase [Y]es or [N]o only, please.
The spell is quite dangerous to cast (7% risk of failure)!
Continue anyway?
The fire blazes with new energy!
You are engulfed in blazing flames.
Ouch! That really hurt!
You die...

#.... ##+## #....
..!. #.... ... #....
.h. ###.... #h#
#...... #.# ###.#....
#.####+###........
#@.......#.≈≈≈....
#.%........≈!≈.###
#..[.......≈≈≈.#
.%...####...>........
###### ####.........
##########


You could see 2 howler monkeys.

Vanquished Creatures
  Sigmund (D:3)
  A worker ant (D:4)
  4 adders
  An ooze (D:1)
  A worm (D:3)
  3 dart slugs
  2 leopard geckos
  An orc (D:3)
  A ball python (D:2)
  11 bats
  3 giant cockroaches
  7 goblins
  9 hobgoblins
  3 jackals (D:2)
  14 kobolds
  5 quokkas
  5 frilled lizards
  5 rats
  A plant (D:4)
78 creatures vanquished.

Notes
Turn   | Place    | Note
-------+----------+-------------------------------------------
     0 | D:1      | BreadTh the Deep Elf Wizard began the quest for the Orb.
     0 | D:1      | Reached XP level 1. HP: 10/10 MP: 7/7
   235 | D:1      | Reached XP level 2. HP: 15/15 MP: 1/9
   566 | D:1      | Reached skill level 2 in Conjurations
  1023 | D:1      | Reached XP level 3. HP: 19/19 MP: 6/11
  1683 | D:2      | Learned a level 3 spell: Conjure Flame
  1687 | D:2      | Learned a level 3 spell: Mephitic Cloud
  1690 | D:2      | Learned a level 2 spell: Blink
  2058 | D:2      | Reached skill level 5 in Spellcasting
  2063 | D:2      | Reached skill level 3 in Conjurations
  2457 | D:2      | Found a radiant altar of Vehumet.
  2528 | D:2      | Reached XP level 4. HP: 24/24 MP: 11/13
  3317 | D:3      | Reached skill level 4 in Conjurations
  3830 | D:3      | Noticed Sigmund
  3857 | D:3      | Killed Sigmund
  3857 | D:3      | Reached skill level 6 in Conjurations
  3857 | D:3      | Reached XP level 5. HP: 23/28 MP: 4/14
  3857 | D:3      | Reached XP level 6. HP: 26/32 MP: 4/15
  4023 | D:4      | Found a sand-covered staircase.
  4035 | D:4      | Found a staircase to the Ecumenical Temple.
  4076 | Temple   | Entered the Ecumenical Temple
  4125 | Temple   | Became a worshipper of Sif Muna the Loreminder
  4243 | D:4      | Engulfed by a cloud of flame

Illustrated notes

Levels and vault maps discovered:
D:1:      dpeg_arrival_signposts, layout_basic
D:2:      layout_basic, vehumet_crystals, minmay_misc_feat_secret_circle,
          chequers_serial_rivers_large_a
D:3:      layout_loops_ring, uniq_sigmund
D:4:      layout_basic, minmay_temple_entry_gardened_gates,
          nicolae_ossuary_entry_plus, first_ration, serial_shops, shop,
          corexii_item_surrounded_by_moat, okawaru_ov_weapons_minmay
Temple:   corrupted_temple

Skill      XL: |  1  2  3  4 |
---------------+-------------+-----
Conjurations   | 2 3 6 |  6.3
Stealth        | 3 |  3.0
Dodging        | 3 |  3.0
Spellcasting   | 5 |  5.0
Summonings     | |  1.1
Translocations | |  1.1

Action                   |  1- 3 |  4- 6 || total
-------------------------+-------+-------++-------
Melee: Short sword       |       |    31 ||    31
 Cast: Magic Dart        |    90 |    91 ||   181
       Mephitic Cloud    |       |     1 ||     1
       Conjure Flame     |       |     3 ||     3
 Stab: Confused          |       |     1 ||     1
  Eat: Chunk             |     5 |     5 ||    10
Armor: Robe              |     7 |     1 ||     8
Dodge: Dodged            |    18 |    14 ||    32
